 Dungeon Crawl Stone Soup version 0.27-a0-668-gb5737ff2c0 (webtiles) character file.

Game seed: 2880137236064000794

467 siradein the Reanimator (level 7, -3/50 HPs)
             Began as a Hill Orc Necromancer on Mar 17, 2021.
             Was a Follower of Beogh.
             Killed from afar by a white imp (8 damage)
             ... with a puff of frost
             ... on level 5 of the Dungeon on Mar 18, 2021.
             The game lasted 00:38:10 (6380 turns).

siradein the Reanimator (Hill Orc Necromancer)      Turns: 6380, Time: 00:38:11

Health: -3/50      AC:  9    Str: 11    XL:     7   Next: 8%
Magic:  5/9        EV: 12    Int: 20    God:    Beogh [*.....]
Gold:   149        SH:  0    Dex: 11    Spells: 1/9 levels left

rFire    . . .     SeeInvis .   o - +1 whip (freeze)
rCold    . . .     Faith    .   (no shield)
rNeg     . . .     Spirit   .   a - +0 robe
rPois    +         Reflect  .   d - +0 helmet {Int+3}
rElec    .         Harm     .   p - +1 cloak
rCorr    .         Rampage  .   (no gloves)
Will     .....                  (no boots)
Stlth    ++........             (no amulet)
HPRegen  0.16/turn              h - ring of poison resistance
MPRegen  0.11/turn              q - +4 ring of protection

@: no status effects
A: no striking features
a: Renounce Religion


You were on level 5 of the Dungeon.
You worshipped Beogh.
Beogh was aware of your devotion.
You visited 1 branch of the dungeon, and saw 5 of its levels.

You collected 149 gold pieces.

Inventory:

Hand Weapons
 o - a +1 whip of freezing (weapon)
Armour
 a - a +0 robe (worn)
 d - a +0 helmet of intelligence (worn)
 p - a +1 cloak (worn)
Jewellery
 h - a ring of poison resistance (right hand)
 l - a ring of protection from cold
 q - a +4 ring of protection (left hand)
Scrolls
 b - a scroll of torment
 g - a scroll of amnesia
 j - 2 scrolls of teleportation
Potions
 c - 2 potions of cancellation
 e - a potion of lignification
 i - 2 potions of curing
 k - a potion of flight {unknown}
 t - a potion of invisibility {unknown}


   Skills:
 - Level 1.5 Dodging
 - Level 1.5 Stealth
 - Level 1.5 Spellcasting
 + Level 8.3 Necromancy


You had one spell level left.
You knew the following spells:

 Your Spells              Type           Power      Damage    Failure   Level
a - Pain                  Necr           100%       1d9       1%          1
b - Animate Dead          Necr           17%        N/A       5%          4
c - Vampiric Draining     Necr           17%        2d8       1%          3

Your spell library contained the following spells:

 Spells                   Type           Power      Damage    Failure   Level
 Animate Skeleton         Necr           68%        N/A       1%          1
 Agony                    Necr           34%        N/A       16%         5


Dungeon Overview and Level Annotations

Branches:
Dungeon (5/15)             Temple (0/1) D:4

Altars:
Gozag
Ru
Sif Muna

Shops:
D:1 =   D:5 !


Message History

You swap places.
The white imp barely misses your gnoll zombie.
Your gnoll zombie misses the white imp.
A white imp is nearby!
The white imp gestures at you.
The puff of frost hits your gnoll zombie.
Your gnoll zombie resists.
Your gnoll zombie hits the white imp but does no damage.
The white imp gestures at your gnoll zombie.
The puff of frost hits your gnoll zombie.
Your gnoll zombie resists.
Your gnoll zombie hits the white imp.
The white imp gestures at you.
The puff of frost hits your gnoll zombie.
Your gnoll zombie resists.
Your gnoll zombie hits the white imp but does no damage.
The white imp barely misses your gnoll zombie.
The white imp hits your gnoll zombie.
The white imp freezes your gnoll zombie.
Your gnoll zombie completely resists.
Your gnoll zombie hits the white imp.
The white imp gestures at you.
The puff of frost hits your gnoll zombie.
Your gnoll zombie resists.
Your gnoll zombie barely misses the white imp.
The white imp hits your gnoll zombie.
Your gnoll zombie is destroyed!
The white imp gestures at you. The puff of frost hits you.
* * * LOW HITPOINT WARNING * * *
The white imp hits you.
* * * LOW HITPOINT WARNING * * *
The white imp freezes you.
* * * LOW HITPOINT WARNING * * *
You see here a +0 spear.
You closely miss the white imp.
The white imp is almost dead.
The white imp gestures at you. The puff of frost hits you!
You die...

############## ## ##
#............#####...#
##<######...........#.#
#...>.......#.#####....
##..######...#.# #...
#......@5..[...# ##...
#...####....#..#####....
#.>.# #.##.............
#...# #.####..####..#..
#####...# ##.###...# #.....
#.......###...#.#..####.....
#.###.......#..###........#.
# ##.#.##...## ##.........
#.#.###.#.# #.####.#.##


You could see a white imp.

Vanquished Creatures
  A howler monkey (D:4)
  A jelly (D:5)
  4 orc wizards
  4 worker ants
  A hound zombie (D:5)
  3 adders
  3 gnolls (D:5)
  2 oozes
  5 worms
  A dart slug (D:1)
  9 orcs
  4 ball pythons
  12 bats
  7 giant cockroaches
  4 goblins
  11 hobgoblins
  5 jackals
  18 kobolds
  2 quokkas
  4 frilled lizards
  11 rats
112 creatures vanquished.

Vanquished Creatures (collateral kills)
  A hobgoblin (D:1)
1 creature vanquished.

Vanquished Creatures (others)
  A bat (D:3)
  A giant cockroach (D:3)
  A goblin (D:3)
  5 fungi (D:5)
8 creatures vanquished.

Grand Total: 121 creatures vanquished

Notes
Turn   | Place    | Note
-------+----------+-------------------------------------------
     0 | D:1      | siradein the Hill Orc Necromancer began the quest for the
                  | Orb.
     0 | D:1      | Reached XP level 1. HP: 14/14 MP: 3/3
    80 | D:1      | Reached XP level 2. HP: 3/20 MP: 0/4
  1166 | D:1      | Reached XP level 3. HP: 25/26 MP: 3/5
  1263 | D:1      | Reached skill level 5 in Necromancy
  1266 | D:1      | Learned a level 1 spell: Animate Skeleton
  1458 | D:1      | Found Narhom's Jewellery Shop.
  1824 | D:2      | Found a shimmering blue altar of Sif Muna.
  2277 | D:2      | Reached XP level 4. HP: 11/33 MP: 0/6
  3998 | D:3      | Found a sacrificial altar of Ru.
  4020 | D:3      | Reached skill level 6 in Necromancy
  4020 | D:3      | Reached XP level 5. HP: 37/38 MP: 4/7
  4175 | D:3      | Became a worshipper of Beogh the Brigand
  4254 | D:3      | Found an opulent altar of Gozag.
  4853 | D:3      | Learned a level 3 spell: Vampiric Draining
  5165 | D:3      | Reached skill level 7 in Necromancy
  5165 | D:3      | Reached XP level 6. HP: 8/45 MP: 1/8
  5535 | D:3      | Reached * piety under Beogh
  5839 | D:4      | Identified the +4 ring mail of the Wasteland {+Fly}
  5858 | D:4      | Found a staircase to the Ecumenical Temple.
  6016 | D:5      | Entered Level 5 of the Dungeon
  6067 | D:5      | Identified a scroll of acquirement
  6075 | D:5      | Learned a level 4 spell: Animate Dead
  6097 | D:5      | Reached skill level 8 in Necromancy
  6203 | D:5      | Reached XP level 7. HP: 33/50 MP: 1/9
  6229 | D:5      | Acquired a +0 helmet of intelligence
  6246 | D:5      | Found Ziont's Distillery.
  6380 | D:5      | Killed from afar by a white imp

Illustrated notes

Levels and vault maps discovered:
D:1:      co_arrival_hexagon_in_a_hexagon, layout_basic, serial_shops, shop,
          hangedman_abyss_or_decor_lesser_grid
D:2:      minmay_thinvault, layout_basic, lemuel_doored_altar
D:3:      layout_basic, nicolae_gozag_seed_capital,
          nicolae_ru_great_annihilating_truth
D:4:      layout_rooms, minmay_temple_entry_poolview
D:5:      layout_loops_ring, nicolae_ossuary_entry_plus, serial_shops,
          nicolae_shop_behind_doors, serial_aquarium, aquarium_bridge_square
          [aquarium_subvault_window, aquarium_subvault_wall,
          aquarium_subvault_bridge, aquarium_subvault_wall], aquarium_window_2,
          aquarium_window_1, aquarium_window_1, aquarium_view_2c,
          aquarium_view_2e, aquarium_balcony_3a, gup_sewer_entry_spiral

Skill      XL: |  1  2  3  4  5  6 |
---------------+-------------------+-----
Necromancy     | 5 6 7 8 |  8.3
Dodging        | |  1.5
Stealth        | |  1.5
Spellcasting   | |  1.5

Action                   |  1- 3 |  4- 6 |  7- 9 || total
-------------------------+-------+-------+-------++-------
Melee: Unarmed           |       |     2 |       ||     2
       Whip              |       |    19 |     2 ||    21
 Cast: Pain              |    83 |   157 |    11 ||   251
       Animate Skeleton  |     2 |       |       ||     2
       Vampiric Draining |       |    12 |       ||    12
       Animate Dead      |       |       |     1 ||     1
Invok: Convert to Beogh  |       |     1 |       ||     1
  Use: Scroll            |       |    10 |     1 ||    11
Armor: Robe              |     3 |    14 |     5 ||    22
Dodge: Dodged            |     7 |    58 |     7 ||    72

Table legend: (Time is in decaauts)
 A = Elapsed time spent in this place.
 B = Non-inter-level travel time spent in this place.
 C = Inter-level travel time spent in this place.
 D = Time resting spent in this place.
 E = Time spent auto-exploring this place.
 F = Levels seen in this place.
 G = Mean time per level.
                   A        B        C        D        E       F      G
               +--------+--------+--------+--------+--------+-----+--------+
         Total |   6386 |   6312 |     74 |    420 |   4510 |   5 | 1277.2 |
       Dungeon |   6386 |   6312 |     74 |    420 |   4510 |   5 | 1277.2 |
               +--------+--------+--------+--------+--------+-----+--------+

Top non-repeatable levels by time:
     D:2: 1955 daAuts
     D:1: 1924 daAuts
     D:3: 1877 daAuts
     D:5: 364 daAuts
     D:4: 263 daAuts
